 Dungeon Crawl Stone Soup version 0.31.0-12-g77e489cdc1 (webtiles) character file.

Game seed: 16791640940727799186

6658 Gadfly the Basher (level 11, -2/67 HPs)
             Began as a Gargoyle Berserker on Feb 14, 2024.
             Was a High Priest of Trog.
             Slain by a wight
             ... wielding a +2 halberd
              (12 damage)
             ... on level 9 of the Dungeon.
             The game lasted 00:15:01 (11050 turns).

Gadfly the Basher (Gargoyle Berserker)             Turns: 11050, Time: 00:15:01

Health: -2/67      AC: 25    Str: 23    XL:     11   Next: 3%
Magic:  11/11      EV:  7    Int:  8    God:    Trog [*****.]
Gold:   325        SH:  0    Dex: 11    Spells: 10/10 levels left

rFire   . . .        b - +1 morningstar (drain)
rCold   . . .        (no shield)
rNeg    + . .        z - +0 plate armour
rPois   ∞            y - +1 hat
rElec   +            u - +0 cloak
rCorr   .            (no gloves)
SInv    .            r - +0 pair of boots
Will    .....        (no amulet) Stlth
                     B - ring of flight
HPRegen 0.31/turn    (no ring)
MPRegen 0.12/turn

%: no passive effects
@: flying
A: sickness immunity, AC +8, negative energy resistance 1, electricity
resistance, torment resistance 1, petrification resistance
a: Renounce Religion, Berserk, Trog's Hand, Brothers in Arms


You were on level 9 of the Dungeon.
You worshipped Trog.
Trog was extremely pleased with you.
You visited 2 branches of the dungeon, and saw 10 of its levels.
You also visited: Sewer.

You collected 325 gold pieces.

Inventory:

Hand Weapons
 a - a +3 mace of venom
 b - a +1 morningstar of draining (weapon)
 h - a +2 vampiric short sword
 n - a +2 trident of holy wrath
 A - a +0 scimitar
Armour
 m - the +3 ring mail of Jigsaw {rF+ Str+4}
   (You found it on level 4 of the Dungeon)

   Str+4:     It affects your strength (+4).
   rF+:       It protects you from fire.
 r - a +0 pair of boots (worn)
 u - a +0 cloak (worn)
 y - a +1 hat (worn)
 z - a +0 plate armour (worn)
Jewellery
 p - a ring of ice
 B - a ring of flight (left hand)
Wands
 t - a wand of roots (12) (quivered)
 v - a wand of digging (6)
 G - a wand of light (7)
Scrolls
 c - 5 scrolls of teleportation
 d - 3 scrolls of enchant weapon
 g - a scroll of summoning {unknown}
 o - 2 scrolls of blinking
 q - a scroll of fear
 s - 4 scrolls of vulnerability
 C - a scroll of enchant armour
 F - a scroll of amnesia {unknown}
Potions
 e - a potion of mutation
 f - 2 potions of lignification
 i - a potion of cancellation
 j - 3 potions of attraction
 k - a potion of might
 l - 2 potions of curing
 w - a potion of magic
 x - a potion of enlightenment
 D - 2 potions of heal wounds
 E - a potion of brilliance {unknown}


   Skills:
 + Level 7.5 Fighting
 * Level 8.9 Maces & Flails
 + Level 7.6 Armour
 - Level 1.5 Dodging
 - Level 7.4 Shields
 * Level 7.8 Evocations


You had 10 spell levels left.
You didn't know any spells.
Your spell library was empty.

Dungeon Overview and Level Annotations

Branches:
Dungeon (9/15)             Temple (1/1) D:7            Lair (0/5) D:8
  Sewer (visited)
    Orc: D:9-12

Altars:
Ashenzari
Cheibriados
Dithmenos
Elyvilon
Fedhas
Gozag
Hepliaklqana
Kikubaaqudgha
Makhleb
Nemelex Xobeh
Okawaru
Qazlal
Ru
Sif Muna
Trog
Uskayaw
Vehumet
Wu Jian
Xom
Yredelemnul
Zin
The Shining One

Shops:
D:1 :   D:6 :   D:9 *


Innate Abilities, Weirdness & Mutations

You are immune to sickness and miasma.
Your stone body is resilient. (AC +8)
You are immune to poison.
You resist negative energy. (rN+)
You are resistant to electric shocks. (rElec)
You are resistant to unholy torment.
You are immune to petrification.


Message History

The wight attacks as it pursues you! The wight barely misses you.
Your +3 mace of venom stops dripping with poison.
You sense an unholy aura.
b - a +1 morningstar of draining (weapon)
The wight attacks as it pursues you! The wight hits you but does no damage.
The wight attacks as it pursues you!
The wight hits you from afar with a +2 halberd.
The wight attacks as it pursues you! The wight barely misses you.
The wight attacks as it pursues you!
The wight hits you from afar with a +2 halberd.
The wight attacks as it pursues you! The wight closely misses you.
The wight attacks as it pursues you! The wight hits you but does no damage.
The wight hits you but does no damage.
You closely miss the wight.
The wight is moderately damaged.
The wight hits you but does no damage.
You barely miss the wight.
The wight is moderately damaged.
The wight barely misses you. The wight hits you with a +2 halberd.
You closely miss the wight.
The wight is moderately damaged.
The wight barely misses you. The wight hits you but does no damage.
The wight barely misses you.
You hit the wight.
The wight is heavily damaged.
The wight hits you with a +2 halberd.
The wight hits you with a +4 great sword.
You barely miss the wight.
The wight is heavily damaged.
The wight hits you with a +2 halberd!
* * * LOW HITPOINT WARNING * * *
The wight hits you but does no damage.
You barely miss the wight.
The wight is heavily damaged.
The wight closely misses you. The wight barely misses you.
Unknown command.
You hit the wight.
The wight is severely damaged.
The wight hits you with a +2 halberd!
You die...

..)).....................
...)........................#
####.........####..#######..#
#.........# #..# #..#
#.........# #..# #..#
#.........# #..# #..#
####.........####..#######..#
.................z..........#
........>.......@z..........#
##########################..#
#..# #z.# #..# #..# #..# #..#
#..#


You could see 2 wights.

Vanquished Creatures
  Pikel (D:7)
  A rime drake (D:8)
  2 trolls (D:9)
  2 polar bears (D:8)
  Grinder (D:5)
  The ghost of Sandpaper2 the Cutter, an amateur KoGl (D:5)
  A wyvern (D:5)
  A wraith (D:6)
  A steam dragon (D:8)
  2 water moccasins
  Duvessa (D:7)
  5 orc warriors
  5 ice beasts
  2 sky beasts
  2 black bears
  A wolf (D:8)
  2 ogres (D:6)
  A centaur (D:9)
  3 kobold brigands
  A lemure (D:7)
  3 phantoms
  2 bullfrogs
  2 scorpions (D:5)
  6 wights
  Dowan (D:7)
  2 howler monkeys
  A bombardier beetle (D:6)
  A jelly (D:7)
  4 hounds
  Crazy Yiuf (D:6)
  13 orc priests
  5 iguanas
  8 orc wizards
  13 adders
  2 shadow imps
  A white imp (D:6)
  2 ufetubi (D:6)
  2 ribbon worms (D:2)
  2 dart slugs
  34 orcs
  9 bats
  8 endoplasms
  6 giant cockroaches
  7 goblins
  8 hobgoblins
  4 jackals (D:4)
  2 quokkas
  12 ball pythons
  4 frilled lizards
  26 kobolds
  4 rats
231 creatures vanquished.

Notes
Turn   | Place    | Note
-------+----------+-------------------------------------------
     0 | D:1      | Gadfly the Gargoyle Berserker began the quest for the Orb.
     0 | D:1      | Reached XP level 1. HP: 14/14 MP: 1/1
   361 | D:1      | Reached XP level 2. HP: 16/19 MP: 2/2
   387 | D:1      | Found Eridaore's Book Boutique.
   593 | D:1      | Reached skill level 1 in Evocations
   671 | D:1      | Reached ** piety under Trog
   675 | D:1      | Reached XP level 3. HP: 16/23 MP: 3/3
   726 | D:1      | Reached skill level 1 in Shields
  1213 | D:2      | Reached XP level 4. HP: 26/28 MP: 4/4
  2049 | D:3      | Found a glowing drain.
  2075 | Sewer    | Entered a sewer
  2199 | Sewer    | Noticed a kobold brigand
  2206 | Sewer    | Killed a kobold brigand
  2207 | Sewer    | Reached skill level 4 in Maces & Flails
  2207 | Sewer    | Reached XP level 5. HP: 24/32 MP: 5/5
  2403 | D:3      | Found an ornate altar of the Wu Jian Council.
  2488 | D:3      | Reached *** piety under Trog
  2492 | D:3      | Reached XP level 6. HP: 37/37 MP: 6/6
  3274 | D:4      | Identified the +3 ring mail of Jigsaw {rF+ Str+4}
  3852 | D:4      | Reached XP level 7. HP: 34/41 MP: 7/7
  4061 | D:5      | Entered Level 5 of the Dungeon
  4361 | D:5      | Noticed a wyvern
  4367 | D:5      | Killed a wyvern
  4368 | D:5      | Reached skill level 5 in Maces & Flails
  4453 | D:5      | Reached XP level 8. HP: 45/48 MP: 8/8
  4586 | D:5      | Found a blossoming altar of Fedhas.
  4589 | D:5      | Noticed Grinder
  4592 | D:5      | Paralysed by Grinder for 3 turns
  4599 | D:5      | Killed Grinder
  4600 | D:5      | Reached skill level 5 in Shields
  4655 | D:5      | Reached **** piety under Trog
  4656 | D:5      | Reached skill level 5 in Armour
  4912 | D:5      | Found a runed translucent gate.
  4913 | D:5      | Found a runed translucent gate.
  4913 | D:5      | Noticed Sandpaper2's ghost (amateur KoGl)
  4914 | D:5      | Found a runed translucent gate.
  4915 | D:5      | Identified the +5 sling of Juquuciw {heavy, SInv}
  5279 | D:5      | Killed Sandpaper2's ghost
  5280 | D:5      | Reached skill level 5 in Fighting
  5281 | D:5      | Reached XP level 9. HP: 9/54 MP: 9/9
  6129 | D:6      | Reached skill level 5 in Evocations
  6196 | D:6      | Found Zoixoc's Book Emporium.
  6270 | D:6      | Found a runed translucent door.
  6271 | D:6      | Noticed Crazy Yiuf
  6429 | D:6      | Reached skill level 6 in Maces & Flails
  7365 | D:6      | Killed Crazy Yiuf
  7471 | D:7      | Noticed Pikel
  7488 | D:7      | Killed Pikel
  7581 | D:7      | Reached skill level 7 in Maces & Flails
  7581 | D:7      | Reached XP level 10. HP: 21/60 MP: 10/10
  7793 | D:7      | Noticed Dowan
  7816 | D:7      | Killed Dowan
  7970 | D:7      | Found a staircase to the Ecumenical Temple.
  7977 | Temple   | Entered the Ecumenical Temple
  8124 | D:7      | Reached ***** piety under Trog
  8310 | D:7      | Noticed Duvessa
  8321 | D:7      | Killed Duvessa
  8473 | D:7      | Found a bloodstained altar of Trog.
  9293 | D:8      | Reached skill level 8 in Maces & Flails
  9552 | D:8      | Found a staircase to the Lair.
  9554 | D:8      | Identified the +0 leather armour "Houstru" {Will+ Int+4}
  9563 | D:8      | Identified the -2 cloak of Mycog {rC- Dex+5}
 10394 | D:9      | Noticed a cyclops
 10396 | D:9      | Found Qeduvoe's Island Escapes.
 10887 | D:9      | Reached XP level 11. HP: 45/67 MP: 11/11
 11050 | D:9      | Slain by a wight

Illustrated notes

Levels and vault maps discovered:
D:1:      dpeg_arrival_circle_labyrinth_c, layout_loops_ring, serial_shops,
          shop, minmay_bisected
D:2:      minmay_spotlight, layout_loops_ring, hangedman_feature_mirror,
          kennysheep_generic_room_8
D:3:      layout_loops_corners, mainiacjoe_overflow_tiny_flanked,
          cheibrodos_sewer_entry_sluice
D:4:      layout_cave_pods
D:5:      layout_loops_ring, fedhas_altar_1, biasface_ghost_orc_armoury,
          kennysheep_generic_room_10, uniq_grinder
D:6:      layout_loops_corners, serial_shops, shop, uniq_crazy_yiuf_cottage
D:7:      layout_basic, lightli_temple_of_fire, minmay_temple_entry_tees,
          minmay_crossroads, uniq_pikel, uniq_duvessa
D:8:      layout_loops_ring, hellmonk_lair_entry_icy, nrook_mini_backslash,
          minmay_crystal_room, nicolae_letterblocks [nicolae_letter_subblock,
          nicolae_letter_subblock, nicolae_letter_subblock,
          nicolae_letter_subblock, nicolae_letter_subblock,
          nicolae_letter_subblock, nicolae_letter_subblock,
          nicolae_letter_subblock, nicolae_letter_subblock,
          nicolae_letter_subblock, nicolae_letter_subblock,
          nicolae_letter_subblock, nicolae_letter_subblock,
          nicolae_letter_subblock, nicolae_letter_subblock,
          nicolae_letter_subblock, nicolae_letter_subblock,
          nicolae_letter_subblock, nicolae_letter_subblock,
          nicolae_letter_subblock, nicolae_letter_subblock,
          nicolae_letter_subblock, nicolae_letter_subblock,
          nicolae_letter_subblock, nicolae_letter_subblock]
D:9:      layout_small_grid, nicolae_island_escapes
Temple:   nicolae_temple_bog_church

Skill      XL: |  1  2  3  4  5  6  7  8  9 10 |
---------------+-------------------------------+-----
Evocations     | 1 2 3 4 6 7 |  7.8
Shields        | 1 2 3 4 6 7 |  7.4
Armour         | 3 4 5 6 7 |  7.6
Maces & Flails | 4 5 7 8 |  8.9
Fighting       | 4 5 6 7 |  7.5
Dodging        | |  1.5

Action                     |  1- 3 |  4- 6 |  7- 9 | 10-12 || total
---------------------------+-------+-------+-------+-------++-------
  Melee: Mace              |    85 |   170 |   317 |   242 ||   814
         Punch             |       |     2 |     5 |     1 ||     8
         Morningstar       |       |       |       |    62 ||    62
 Invoke: Berserk           |       |       |     1 |       ||     1
  Evoke: Wand              |       |       |     1 |     1 ||     2
    Use: Scroll            |       |     8 |     5 |     2 ||    15
         Potion            |       |     3 |     2 |     2 ||     7
   Stab: Sleeping          |     2 |       |       |       ||     2
 Armour: Animal skin       |    23 |       |       |       ||    23
         Leather armour    |    32 |    22 |       |       ||    54
         Ring mail         |       |    94 |   243 |   267 ||   604
         Chain mail        |       |    29 |       |       ||    29
         Plate armour      |       |       |       |    50 ||    50
  Dodge: Dodged            |    64 |   131 |   182 |   199 ||   576
